| TOP OF THE 1ST |
|
Kane County Cougars batting - Pitching for Hagerstown Suns : RHP Jon Baily
|
|
Pitching: RHP Jon Baily
|
|
|
Batting: LHB Willie Gutierrez
|
0-0: Called Strike 0-1: Foul Ball, location: 2F 0-2: DOUBLE (Groundball, 5L, EV 107.5 MPH)
|
|
Batting: RHB Franklin Villanueva
|
0-0: Ball 1-0: Swinging Strike 1-1: Fly out, F9 (Flyball, 9LM, EV 93.1 MPH) Runner from 2nd tags up, SAFE at 3rd, no throw by RF
|
|
Batting: RHB Dave Vargas
|
0-0: DOUBLE (Line Drive, 78M, EV 89.4 MPH) Willie Gutierrez scores
|
|
Batting: RHB Marlon Reda
|
0-0: Fly out, F9 (Flyball, 89D, EV 92.5 MPH) Runner from 2nd tags up, SAFE at 3rd, no throw by RF
|
|
Batting: RHB Matt Maxwell
|
0-0: Called Strike 0-1: Ball 1-1: Called Strike 1-2: Ball 2-2: Ball 3-2: Strikes out swinging, 2-3 out at first.
|
| Top of the 1st over - 1 run, 2 hits, 0 errors, 1 left on base; Kane County 1 - Hagerstown 0 |
| BOTTOM OF THE 1ST |
|
Hagerstown Suns batting - Pitching for Kane County Cougars : RHP Travis Plesz
|
|
Pitching: RHP Travis Plesz
|
|
|
Batting: RHB Pat Drader
|
0-0: Called Strike 0-1: Foul Ball, location: 2F 0-2: Ball 1-2: Ball 2-2: Foul Ball, location: 2F 2-2: Ground out 1-3 (Groundball, 34S, EV 68.8 MPH)
|
|
Batting: RHB John McNeill
|
0-0: Ball 1-0: Swinging Strike 1-1: Ball 2-1: DOUBLE (Line Drive, 78M, EV 93.8 MPH)
|
|
Batting: RHB Kevin Wick
|
0-0: Swinging Strike 0-1: Foul Ball, location: 2F 0-2: Ball 1-2: Ball 2-2: Strikes out swinging
|
|
Batting: RHB Jim Towle
|
0-0: Called Strike 0-1: Foul Ball, location: 2F 0-2: Ball 1-2: Foul Ball, location: 2F 1-2: Strikes out swinging
|
| Bottom of the 1st over - 0 runs, 1 hit, 0 errors, 1 left on base; Kane County 1 - Hagerstown 0 |
| TOP OF THE 2ND |
|
Kane County Cougars batting - Pitching for Hagerstown Suns : RHP Jon Baily
|
|
Batting: LHB T.J. Duvall
|
0-0: Ball 1-0: Foul Ball, location: 2F 1-1: Foul Ball, location: 2F 1-2: Ball 2-2: Strikes out swinging
|
|
Batting: RHB John Pena
|
0-0: Ball 1-0: Ball 2-0: Ball 3-0: Base on Balls
|
|
Batting: RHB Curt Barrett
|
0-0: Ball 1-0: Swinging Strike 1-1: Ball 2-1: Called Strike 2-2: Ball 3-2: Strikes out swinging
|
|
Batting: LHB Brian Nielsen
|
0-0: Foul Ball, location: 2F 0-1: Foul Ball, location: 2F 0-2: Fielders Choice at 2nd, 6-4 (Groundball, 56, EV 88.8 MPH)
|
| Top of the 2nd over - 0 runs, 0 hits, 0 errors, 1 left on base; Kane County 1 - Hagerstown 0 |
| BOTTOM OF THE 2ND |
|
Hagerstown Suns batting - Pitching for Kane County Cougars : RHP Travis Plesz
|
|
Batting: LHB Yoshiya Kurokawa
|
0-0: Ball 1-0: Ball 2-0: Called Strike 2-1: Foul Ball, location: 2F 2-2: Ground out 4-3 (Groundball, 4, EV 90.0 MPH)
|
|
Batting: RHB Felix Torres
|
0-0: SINGLE (Groundball, 4MD, EV 98.1 MPH)
|
|
Batting: SHB Kyle Larson
|
0-0: Ball 1-0: Called Strike 1-1: Called Strike 1-2: Strikes out swinging
|
|
Batting: RHB Scott Skoglund
|
0-0: Ball 1-0: Called Strike 1-1: Swinging Strike 1-2: Strikes out looking
|
| Bottom of the 2nd over - 0 runs, 1 hit, 0 errors, 1 left on base; Kane County 1 - Hagerstown 0 |
| TOP OF THE 3RD |
|
Kane County Cougars batting - Pitching for Hagerstown Suns : RHP Jon Baily
|
|
Batting: LHB Willie Gutierrez
|
0-0: Foul Ball, location: 2F 0-1: Foul Ball, location: 2F 0-2: Foul Ball, location: 2F 0-2: Ball 1-2: Strikes out swinging
|
|
Batting: RHB Franklin Villanueva
|
0-0: Ball 1-0: Ground out 4-3 (Groundball, 4S, EV 85.6 MPH)
|
|
Batting: RHB Dave Vargas
|
0-0: Ball 1-0: Ball 2-0: Ball 3-0: Called Strike 3-1: Called Strike 3-2: SINGLE (Groundball, 34S, EV 61.9 MPH) (infield hit)
|
|
Batting: RHB Marlon Reda
|
0-0: Called Strike Dave Vargas steals 2nd base 0-1: SINGLE (Groundball, 6MD, EV 98.1 MPH) Dave Vargas to third Runner from 3rd tries for Home, SAFE, throw by CF to home
|
|
Batting: RHB Matt Maxwell
|
0-0: Called Strike 0-1: Swinging Strike 0-2: Ground out 4-3 (Groundball, 4, EV 101.9 MPH)
|
| Top of the 3rd over - 1 run, 2 hits, 0 errors, 1 left on base; Kane County 2 - Hagerstown 0 |
| BOTTOM OF THE 3RD |
|
Hagerstown Suns batting - Pitching for Kane County Cougars : RHP Travis Plesz
|
|
Batting: RHB Joe Klein
|
0-0: Ball 1-0: Ball 2-0: Ball 3-0: Base on Balls
|
|
Batting: RHB Pat Drader
|
0-0: Called Strike 0-1: Ball 1-1: Ground out 5-3 (Groundball, 56S, EV 74.4 MPH) Joe Klein to second
|
|
Batting: RHB John McNeill
|
0-0: Ball 1-0: Foul Ball, location: 2F 1-1: Swinging Strike 1-2: SINGLE (Groundball, 6MD, EV 96.9 MPH) Joe Klein to third Runner from 3rd tries for Home, SAFE, throw by CF to home John McNeill to second
|
|
Now in LF: Jake Hodge
|
|
|
Now in CF: Dave Vargas
|
|
|
Batting: RHB Kevin Wick
|
0-0: Called Strike 0-1: Ball 1-1: Ball 2-1: Ball 3-1: Base on Balls
|
|
Batting: RHB Jim Towle
|
0-0: Called Strike 0-1: Swinging Strike 0-2: Ball 1-2: Fielders Choice at 2nd, 3-6 (Groundball, 34, EV 88.8 MPH) John McNeill to third
|
|
Batting: LHB Yoshiya Kurokawa
|
0-0: Ball 1-0: Called Strike 1-1: Ball 2-1: Foul Ball, location: 2F 2-2: Strikes out looking
|
| Bottom of the 3rd over - 1 run, 1 hit, 0 errors, 2 left on base; Kane County 2 - Hagerstown 1 |
| TOP OF THE 4TH |
|
Kane County Cougars batting - Pitching for Hagerstown Suns : RHP Jon Baily
|
|
Batting: LHB T.J. Duvall
|
0-0: Ball 1-0: Called Strike 1-1: Fly out, F5 (Popup, 56, EV 72.5 MPH)
|
|
Batting: RHB John Pena
|
0-0: Ground out 4-3 (Groundball, 4, EV 86.9 MPH)
|
|
Batting: RHB Curt Barrett
|
0-0: Ball 1-0: Swinging Strike 1-1: Ball 2-1: Ball 3-1: Fly out, F9 (Flyball, 89D, EV 101.9 MPH)
|
| Top of the 4th over - 0 runs, 0 hits, 0 errors, 0 left on base; Kane County 2 - Hagerstown 1 |
| BOTTOM OF THE 4TH |
|
Hagerstown Suns batting - Pitching for Kane County Cougars : RHP Travis Plesz
|
|
Batting: RHB Felix Torres
|
0-0: Ball 1-0: Ground out 4-3 (Groundball, 34, EV 94.4 MPH)
|
|
Batting: SHB Kyle Larson
|
0-0: Ball 1-0: Called Strike 1-1: Ground out 6-3 (Groundball, 6M, EV 108.1 MPH)
|
|
Batting: RHB Scott Skoglund
|
0-0: Ball 1-0: Ball 2-0: Called Strike 2-1: Foul Ball, location: 2F 2-2: Ball 3-2: Foul Ball, location: 2F 3-2: Base on Balls
|
|
Batting: RHB Joe Klein
|
0-0: Called Strike 0-1: Swinging Strike 0-2: Ball 1-2: DOUBLE (Flyball, 8RXD, EV 96.3 MPH) Scott Skoglund to third
|
|
Batting: RHB Pat Drader
|
0-0: Ball 1-0: Called Strike 1-1: SINGLE (Flyball, 5D, EV 85.0 MPH) Scott Skoglund scores Joe Klein to third Runner from 3rd tries for Home, throw by LF and OUT! 7-2
|
| Bottom of the 4th over - 1 run, 2 hits, 0 errors, 1 left on base; Kane County 2 - Hagerstown 2 |
| TOP OF THE 5TH |
|
Kane County Cougars batting - Pitching for Hagerstown Suns : RHP Jon Baily
|
|
Batting: LHB Brian Nielsen
|
0-0: Ball 1-0: Called Strike 1-1: Reached on error, E3 (Groundball, 3L, EV 95.0 MPH)
|
|
Batting: RHB Jake Hodge
|
0-0: Called Strike Brian Nielsen steals 2nd base 0-1: Ball 1-1: Foul Ball, location: 2F 1-2: Strikes out swinging
|
|
Batting: RHB Franklin Villanueva
|
0-0: Ball 1-0: Called Strike 1-1: Swinging Strike 1-2: Strikes out looking
|
|
Batting: RHB Dave Vargas
|
0-0: SINGLE (Flyball, 9S, EV 90.0 MPH) Brian Nielsen to third Runner from 3rd tries for Home, SAFE, throw by RF to home Dave Vargas to second
|
|
Batting: RHB Marlon Reda
|
0-0: Fly out, F4 (Flyball, 4D, EV 90.0 MPH)
|
| Top of the 5th over - 1 run, 1 hit, 1 error, 1 left on base; Kane County 3 - Hagerstown 2 |
| BOTTOM OF THE 5TH |
|
Hagerstown Suns batting - Pitching for Kane County Cougars : RHP Travis Plesz
|
|
Batting: RHB John McNeill
|
0-0: Ball 1-0: Ground out 6-3 (Groundball, 6, EV 89.4 MPH)
|
|
Batting: RHB Kevin Wick
|
0-0: Foul Ball, location: 2F 0-1: Ball 1-1: Fly out, F7 (Line Drive, 7, EV 96.9 MPH)
|
|
Batting: RHB Jim Towle
|
0-0: Ball 1-0: Ball 2-0: Called Strike 2-1: Called Strike 2-2: Ball 3-2: Foul Ball, location: 2F 3-2: Strikes out looking
|
| Bottom of the 5th over - 0 runs, 0 hits, 0 errors, 0 left on base; Kane County 3 - Hagerstown 2 |
| TOP OF THE 6TH |
|
Kane County Cougars batting - Pitching for Hagerstown Suns : RHP Jon Baily
|
|
Batting: RHB Matt Maxwell
|
0-0: Foul Ball, location: 2F 0-1: Foul Ball, location: 2F 0-2: Ball 1-2: Ball 2-2: Foul Ball, location: 2F 2-2: Ball 3-2: Ground out 6-3 (Groundball, 6S, EV 78.1 MPH)
|
|
Batting: LHB T.J. Duvall
|
0-0: Ball 1-0: Called Strike 1-1: Foul Ball, location: 2F 1-2: Ball 2-2: SINGLE (Flyball, 89S, EV 96.3 MPH)
|
|
Batting: RHB John Pena
|
0-0: Fielders Choice at 2nd, 6-4 (Groundball, 6, EV 87.5 MPH)
|
|
Pitching: RHP Roy Walker
|
|
|
Batting: RHB Curt Barrett
|
0-0: Swinging Strike 0-1: Ball 1-1: Foul Ball, location: 2F 1-2: Ball 2-2: Ball 3-2: Strikes out swinging
|
| Top of the 6th over - 0 runs, 1 hit, 0 errors, 1 left on base; Kane County 3 - Hagerstown 2 |
| BOTTOM OF THE 6TH |
|
Hagerstown Suns batting - Pitching for Kane County Cougars : RHP Travis Plesz
|
|
Pitching: RHP Nate Bixler
|
|
|
Batting: LHB Yoshiya Kurokawa
|
0-0: Ball 1-0: SINGLE (Groundball, 4MD, EV 106.9 MPH)
|
|
Batting: RHB Felix Torres
|
0-0: Fly out, F2 (Popup, 25F, EV 80.6 MPH)
|
|
Batting: SHB Kyle Larson
|
0-0: Fly out, F8 (Line Drive, 8LM, EV 96.3 MPH)
|
|
Batting: RHB Scott Skoglund
|
0-0: Ball 1-0: 2-RUN HOME RUN (Flyball, 7LD, EV 89.4 MPH), Distance : 333 ft
|
|
Batting: RHB Joe Klein
|
0-0: Called Strike 0-1: Foul Ball, location: 2F 0-2: Ball 1-2: Ball 2-2: Ground out 6-3 (Groundball, 6, EV 86.3 MPH)
|
| Bottom of the 6th over - 2 runs, 2 hits, 0 errors, 0 left on base; Kane County 3 - Hagerstown 4 |
| TOP OF THE 7TH |
|
Kane County Cougars batting - Pitching for Hagerstown Suns : RHP Roy Walker
|
|
Batting: LHB Brian Nielsen
|
0-0: Called Strike 0-1: Ball 1-1: Called Strike 1-2: Strikes out looking
|
|
Batting: RHB Jake Hodge
|
0-0: Called Strike 0-1: Ball 1-1: Swinging Strike 1-2: Ball 2-2: Ball 3-2: Strikes out swinging
|
|
Batting: RHB Franklin Villanueva
|
0-0: Ball 1-0: Called Strike 1-1: SINGLE (Groundball, 6D, EV 108.8 MPH)
|
|
Batting: RHB Dave Vargas
|
0-0: Swinging Strike 0-1: Ball 1-1: Ball 2-1: Ball 3-1: Foul Ball, location: 2F 3-2: SINGLE (Flyball, 9LM, EV 88.8 MPH) Franklin Villanueva to second Franklin Villanueva to third
|
|
Batting: RHB Marlon Reda
|
0-0: Foul Ball, location: 2F 0-1: Ball 1-1: Ball 2-1: Fielders Choice at 2nd, 6-4 (Groundball, 6, EV 105.0 MPH)
|
| Top of the 7th over - 0 runs, 2 hits, 0 errors, 2 left on base; Kane County 3 - Hagerstown 4 |
| BOTTOM OF THE 7TH |
|
Hagerstown Suns batting - Pitching for Kane County Cougars : RHP Nate Bixler
|
|
Batting: RHB Pat Drader
|
0-0: Ground out 5-3 (Groundball, 56S, EV 84.4 MPH)
|
|
Batting: RHB John McNeill
|
0-0: Ball 1-0: Called Strike 1-1: Ball 2-1: Foul Ball, location: 2F 2-2: Ball 3-2: Foul Ball, location: 2F 3-2: SINGLE (Groundball, 4MD, EV 96.9 MPH)
|
|
Batting: RHB Kevin Wick
|
0-0: Called Strike 0-1: Foul Ball, location: 2F 0-2: Strikes out looking
|
|
Batting: RHB Jim Towle
|
Balk! John McNeill to second 0-0: SINGLE (Groundball, 4MD, EV 99.4 MPH) John McNeill to third Runner from 3rd tries for Home, SAFE, throw by CF to home Jim Towle to second
|
|
Pitching: LHP Frank Rowe
|
|
|
Batting: LHB Yoshiya Kurokawa
|
0-0: Ball 1-0: Ball 2-0: Called Strike 2-1: Ground out 5-3 (Groundball, 56S, EV 83.8 MPH)
|
| Bottom of the 7th over - 1 run, 2 hits, 0 errors, 1 left on base; Kane County 3 - Hagerstown 5 |
| TOP OF THE 8TH |
|
Kane County Cougars batting - Pitching for Hagerstown Suns : RHP Roy Walker
|
|
Pitching: RHP Steve Barnes
|
|
|
Batting: RHB Matt Maxwell
|
0-0: Called Strike 0-1: Ball 1-1: Foul Ball, location: 2F 1-2: Strikes out swinging
|
|
Batting: LHB T.J. Duvall
|
0-0: Ball 1-0: Ball 2-0: Called Strike 2-1: Swinging Strike 2-2: Ball 3-2: Fly out, F8 (Flyball, 89XD, EV 110.0 MPH)
|
|
Batting: RHB John Pena
|
0-0: Called Strike 0-1: Swinging Strike 0-2: Ball 1-2: Foul Ball, location: 2F 1-2: Foul Ball, location: 2F 1-2: Strikes out swinging
|
| Top of the 8th over - 0 runs, 0 hits, 0 errors, 0 left on base; Kane County 3 - Hagerstown 5 |
| BOTTOM OF THE 8TH |
|
Hagerstown Suns batting - Pitching for Kane County Cougars : LHP Frank Rowe
|
|
Pitching: RHP Ming-feng Pi
|
|
|
Batting: RHB Felix Torres
|
0-0: Called Strike 0-1: Ball 1-1: Called Strike 1-2: Foul Ball, location: 2F 1-2: Strikes out swinging
|
|
Batting: SHB Kyle Larson
|
0-0: Called Strike 0-1: Called Strike 0-2: Ball 1-2: Strikes out swinging
|
|
Batting: RHB Scott Skoglund
|
0-0: Ball 1-0: Called Strike 1-1: Ball 2-1: Foul Ball, location: 2F 2-2: Foul Ball, location: 2F 2-2: Foul Ball, location: 2F 2-2: Strikes out looking
|
| Bottom of the 8th over - 0 runs, 0 hits, 0 errors, 0 left on base; Kane County 3 - Hagerstown 5 |
| TOP OF THE 9TH |
|
Kane County Cougars batting - Pitching for Hagerstown Suns : RHP Steve Barnes
|
|
Pitching: RHP Brent Wainwright
|
|
|
Batting: RHB Curt Barrett
|
0-0: Ball 1-0: Ground out 6-3 (Groundball, 6, EV 85.6 MPH)
|
|
Batting: LHB Brian Nielsen
|
0-0: Foul Ball, location: 2F 0-1: Fly out, F7 (Flyball, 7, EV 90.6 MPH)
|
|
Batting: RHB Jake Hodge
|
0-0: Ball 1-0: Foul Ball, location: 2F 1-1: Foul Ball, location: 2F 1-2: Ball 2-2: Foul Ball, location: 2F 2-2: Strikes out swinging
|
| Top of the 9th over - 0 runs, 0 hits, 0 errors, 0 left on base; Kane County 3 - Hagerstown 5 |
|